 Dungeon Crawl Stone Soup version 0.28.0 (webtiles) character file.

Game seed: 914690005363574162

474 Alacron the Ruffian (level 6, 0/61 HPs)
             Began as a Troll Berserker on Feb 16, 2022.
             Was a Priest of Trog.
             Slain by Dowan (4 damage)
             ... on level 4 of the Dungeon.
             The game lasted 00:03:02 (2559 turns).

Alacron the Ruffian (Troll Berserker)               Turns: 2559, Time: 00:03:03

Health: 0/61       AC:  5    Str: 28    XL:     6   Next: 84%
Magic:  5/5        EV: 10    Int:  3    God:    Trog [***...]
Gold:   105        SH:  0    Dex:  9    Spells: 5/5 levels left

rFire   . . .      SeeInvis .     - Unarmed
rCold   . . .      Faith    .   (no shield)
rNeg    . . .      Spirit   .   a - +0 animal skin
rPois   .          Reflect  .   (helmet restricted)
rElec   .          Harm     .   i - +0 cloak {rCorr}
rCorr   +          Rampage  .   (gloves unavailable)
Will    .....                   (boots unavailable)
Stlth   +.........              (no amulet)
HPRegen 1.00/turn               (no ring)
MPRegen 0.09/turn               (no ring)

@: no status effects
A: large, unfitting armour, claws 3, regeneration 1, shaggy fur 1, tough skin 1
a: Renounce Religion, Berserk, Trog's Hand


You were on level 4 of the Dungeon.
You worshipped Trog.
Trog was most pleased with you.
You visited 1 branch of the dungeon, and saw 4 of its levels.

You collected 105 gold pieces.

Inventory:

Armour
 a - a +0 animal skin (worn)
 i - a +0 cloak of preservation (worn)
Scrolls
 b - 3 scrolls of enchant weapon {unknown}
 c - a scroll of identify {unknown}
 e - a scroll of holy word {unknown}
 f - a scroll of magic mapping {unknown}
 g - a scroll of amnesia {unknown}
Potions
 d - a potion of resistance {unknown}
 h - a potion of heal wounds {unknown}
 j - a potion of degeneration {unknown}


   Skills:
 + Level 3.3 Fighting
 + Level 3.7 Dodging
 + Level 0.6 Stealth
 + Level 6.1 Unarmed Combat


You had 5 spell levels left.
You didn't know any spells.
Your spell library was empty.

Dungeon Overview and Level Annotations

Branches:
Dungeon (4/15)
 Temple: D:4-7

Altars:
Vehumet

Annotations:
D:4 Dowan


Innate Abilities, Weirdness & Mutations

You are too large for most types of armour.
You have claws for hands.
Your natural rate of healing is unusually fast.
You are covered in fur. (AC +1)
You have tough skin. (AC +1)


Message History

The quokka is heavily wounded.
The quokka bites you.
Dowan says, "How can I live without her?"
You barely miss the quokka.
The quokka is heavily wounded.
The quokka bites you.
Dowan points at you and mumbles some strange words.
The shard of ice hits you!
* * * LOW HITPOINT WARNING * * *
You closely miss Dowan. The quokka barely misses you.
Dowan hits you but does no damage.
You scratch Dowan.
Dowan is lightly wounded.
The quokka bites you but does no damage.
Dowan hits you with a +1 dagger of protection.
* * * LOW HITPOINT WARNING * * *
The quokka bites you.
* * * LOW HITPOINT WARNING * * *
You scratch Dowan but do no damage.
Dowan is lightly wounded.
Dowan hits you with a +1 dagger of protection.
* * * LOW HITPOINT WARNING * * *
Dowan hits you with a +1 dagger of protection.
* * * LOW HITPOINT WARNING * * *
The quokka bites you.
* * * LOW HITPOINT WARNING * * *
You closely miss Dowan.
Dowan is lightly wounded.
Dowan hits you with a +1 dagger of protection.
* * * LOW HITPOINT WARNING * * *
The quokka bites you.
* * * LOW HITPOINT WARNING * * *
You scratch Dowan but do no damage.
Dowan is lightly wounded.
Dowan casts a spell at you. The stone arrow misses you. The quokka bites you.
* * * LOW HITPOINT WARNING * * *
You barely miss Dowan.
Dowan hits you with a +1 dagger of protection.
You die...

#.........#
+.........##+###
#..............#
#....##'##.....#+#
+....#...#........
#....#...#..<.....
#....#...#........
#....#...+...)....
#@...#...#........
#######re..#...####+#...
...........#...# ...
...........# ..
.......)...# ..
...........#
...........#
#..........#
#..........#


You could see Dowan (fast) and a quokka.

Vanquished Creatures
  Duvessa (D:4)
  2 phantoms (D:3)
  Crazy Yiuf (D:2)
  Terence (D:2)
  An orc wizard (D:3)
  7 adders
  A worm (D:2)
  A dart slug (D:2)
  9 orcs (D:3)
  8 endoplasms
  11 goblins
  6 hobgoblins
  7 jackals
  4 quokkas
  5 ball pythons
  4 bats
  2 frilled lizards
  3 kobolds
  8 rats
82 creatures vanquished.

Notes
Turn   | Place    | Note
-------+----------+-------------------------------------------
     0 | D:1      | Alacron the Troll Berserker began the quest for the Orb.
     0 | D:1      | Reached XP level 1. HP: 22/22 MP: 0/0
   110 | D:1      | Reached XP level 2. HP: 29/29 MP: 1/1
   128 | D:1      | Found a faded altar of an unknown god.
   742 | D:2      | Reached XP level 3. HP: 33/36 MP: 2/2
   855 | D:2      | Reached ** piety under Trog
  1183 | D:2      | Reached XP level 4. HP: 35/44 MP: 3/3
  1227 | D:2      | Noticed Terence
  1237 | D:2      | Killed Terence
  1238 | D:2      | Reached skill level 4 in Unarmed Combat
  1343 | D:2      | Found a runed translucent door.
  1344 | D:2      | Noticed Crazy Yiuf
  1719 | D:2      | Killed Crazy Yiuf
  1766 | D:3      | Noticed a phantom
  1836 | D:3      | Reached XP level 5. HP: 53/53 MP: 4/4
  1942 | D:3      | Noticed a phantom
  1953 | D:3      | Killed a phantom
  1954 | D:3      | Reached skill level 5 in Unarmed Combat
  1992 | D:3      | Killed a phantom
  1993 | D:3      | Reached XP level 6. HP: 52/61 MP: 5/5
  2059 | D:3      | Reached *** piety under Trog
  2069 | D:3      | Found a radiant altar of Vehumet.
  2538 | D:4      | Noticed Duvessa
  2538 | D:4      | Noticed Dowan
  2543 | D:4      | Killed Duvessa
  2544 | D:4      | Reached skill level 6 in Unarmed Combat
  2557 | D:4      | HP: 3/61 [quokka (2)]
  2559 | D:4      | Slain by Dowan

Illustrated notes

Levels and vault maps discovered:
D:1:      dpeg_arrival_court, layout_loops_ring,
          hellmonk_ecumenical_altar_arch_garden, serial_park_tiny_1
D:2:      layout_loops_corners, uniq_terence, uniq_crazy_yiuf_cottage
D:3:      layout_loops_ring, mainiacjoe_overflow_alcove_1, amethyst_killhole
D:4:      layout_gridville, amcnicky_altar_gilded, grunt_ministairs_11,
          uniq_eustachio, uniq_duvessa

Skill      XL: |  1  2  3  4  5  6 |
---------------+-------------------+-----
Dodging        | 3 |  3.7
Unarmed Combat | 4 5 6 |  6.1
Fighting       | 3 |  3.3
Stealth        | |  0.6

Action                   |  1- 3 |  4- 6 || total
-------------------------+-------+-------++-------
Melee: Unarmed           |   109 |   135 ||   244
       Punch             |     2 |     2 ||     4
 Stab: Sleeping          |     1 |       ||     1
Armor: Animal skin       |    30 |    51 ||    81
Dodge: Dodged            |    45 |    56 ||   101
